ESL (28 & UNDER)
PENQUANNOCK OVERRATED JETER @ MINNESOTA MANBEARPIGS
05/21/2030
 
TOP OF THE 1ST
Penquannock Overrated Jeter batting - Pitching for Minnesota ManBearPigs : RHP Dan Catron
Pitching: RHP Dan Catron
Batting: SHB Martin Goodwin 0-0: Swinging Strike
0-1: Fly out, F5 (Popup, 56S)
Batting: LHB Francisco Medina 0-0: SOLO HOME RUN (Flyball, 9D), Distance : 370 ft
Batting: RHB Gary Wyatt 0-0: Called Strike
0-1: Foul Ball, location: 2F
0-2: Ball
1-2: Strikes out looking
Batting: LHB Eric Powell 0-0: Foul Ball, location: 2F
0-1: Ball
1-1: Foul Ball, location: 2F
1-2: Strikes out swinging
Top of the 1st over - 1 run, 1 hit, 0 errors, 0 left on base; Penquannock 1 - Minnesota 0
BOTTOM OF THE 1ST
Minnesota ManBearPigs batting - Pitching for Penquannock Overrated Jeter : RHP César Villanueva
Pitching: RHP César Villanueva
Batting: RHB Carlos López 0-0: Called Strike
0-1: Called Strike
0-2: Fly out, F4 (Popup, 13)
Batting: LHB Pedro Escobar 0-0: Hit by Pitch
Batting: LHB Stanley Smith 0-0: Ball
1-0: Called Strike
1-1: Ball
Pedro Escobar is caught stealing 2nd base
2-1: Ball
3-1: Base on Balls
Batting: RHB Jaime Hernández 0-0: Called Strike
0-1: Ball
1-1: Called Strike
1-2: Single, Error in OF, E7, batter to second base
Stanley Smith to third
Batting: LHB Greg MacCanish 0-0: Called Strike
0-1: Swinging Strike
0-2: Ball
1-2: Foul Ball, location: 2F
1-2: Strikes out swinging
Bottom of the 1st over - 0 runs, 1 hit, 1 error, 2 left on base; Penquannock 1 - Minnesota 0
TOP OF THE 2ND
Penquannock Overrated Jeter batting - Pitching for Minnesota ManBearPigs : RHP Dan Catron
Batting: SHB Cristián López 0-0: Called Strike
0-1: Ball
1-1: Ball
2-1: SINGLE (Groundball, 3D)
Batting: RHB Manny Perea 0-0: Swinging Strike
0-1: Ball
1-1: Called Strike
1-2: Ball
2-2: Strikes out swinging
Batting: LHB José Morales 0-0: Called Strike
0-1: Foul Ball, location: 2F
0-2: 2-RUN HOME RUN (Flyball, 9LD), Distance : 368 ft
Batting: RHB Phil Wright 0-0: Foul Ball, location: 2F
0-1: SINGLE (Line Drive, 4MD)
Batting: LHB Matt Reese 0-0: Ball
1-0: Ball
2-0: Foul Ball, location: 2F
2-1: Ball
3-1: Swinging Strike
3-2: Foul Ball, location: 2F
3-2: Foul Ball, location: 2F
3-2: SINGLE (Groundball, 4MD)
Phil Wright to second
Phil Wright to third
Batting: SHB Martin Goodwin 0-0: Swinging Strike
0-1: Foul Ball, location: 2F
0-2: Ball
1-2: Foul Ball, location: 2F
1-2: Ball
2-2: Foul Ball, location: 2F
2-2: Foul Ball, location: 2F
2-2: Ball
3-2: Foul Ball, location: 2F
3-2: Foul Ball, location: 2F
3-2: Strikes out swinging
Batting: LHB Francisco Medina 0-0: Ball
1-0: Swinging Strike
1-1: Ball
2-1: Ball
3-1: Base on Balls
Matt Reese to second
Batting: RHB Gary Wyatt 0-0: Ground out 5-3 (Groundball, 5S)
Top of the 2nd over - 2 runs, 4 hits, 0 errors, 3 left on base; Penquannock 3 - Minnesota 0
BOTTOM OF THE 2ND
Minnesota ManBearPigs batting - Pitching for Penquannock Overrated Jeter : RHP César Villanueva
Batting: SHB Darrel Lang 0-0: Foul Ball, location: 2F
0-1: SINGLE (Line Drive, 5)
Batting: RHB James Hunter 0-0: Foul Ball, location: 2F
0-1: Called Strike
0-2: Ball
1-2: Ground out 5-3 (Groundball, 56S)
Darrel Lang to second
Batting: RHB Ánibal Soto 0-0: Foul Ball, location: 2F
0-1: Ball
1-1: Fly out, F3 (Popup, 3S)
Batting: RHB Juan Trujillo 0-0: Ball
1-0: Foul Ball, location: 2F
1-1: Ball
2-1: Called Strike
2-2: Foul Ball, location: 2F
2-2: Strikes out swinging
Bottom of the 2nd over - 0 runs, 1 hit, 0 errors, 1 left on base; Penquannock 3 - Minnesota 0
TOP OF THE 3RD
Penquannock Overrated Jeter batting - Pitching for Minnesota ManBearPigs : RHP Dan Catron
Batting: LHB Eric Powell 0-0: Ball
1-0: Foul Ball, location: 2F
1-1: Swinging Strike
1-2: Strikes out swinging
Batting: SHB Cristián López 0-0: Ball
1-0: Swinging Strike
1-1: SINGLE (Line Drive, 34)
Batting: RHB Manny Perea 0-0: Ball
1-0: SINGLE (Line Drive, 56)
Cristián López to second
Batting: LHB José Morales 0-0: Called Strike
0-1: Ball
1-1: Foul Ball, location: 2F
1-2: Ball
2-2: Foul Ball, location: 2F
2-2: Grounds out, U3 (Groundball, 3L)
Cristián López to third
Batting: RHB Phil Wright 0-0: Foul Ball, location: 2F
0-1: Foul Ball, location: 2F
0-2: Ball
1-2: Strikes out looking
Top of the 3rd over - 0 runs, 2 hits, 0 errors, 2 left on base; Penquannock 3 - Minnesota 0
BOTTOM OF THE 3RD
Minnesota ManBearPigs batting - Pitching for Penquannock Overrated Jeter : RHP César Villanueva
Batting: RHB Carlos López 0-0: Called Strike
0-1: Called Strike
0-2: SINGLE (Flyball, 7LM)
Batting: LHB Pedro Escobar 0-0: Ball
1-0: Foul Ball, location: 2F
1-1: Fielders Choice at 2nd, 3-6 (Groundball, 34)
Pitching: LHP Brian Gunther
Batting: LHB Stanley Smith 0-0: Ball
1-0: SINGLE (Line Drive, 8RS)
Pedro Escobar to second
Batting: RHB Jaime Hernández 0-0: Ball
1-0: Ball
2-0: Ball
3-0: Foul Ball, location: 2F
3-1: Ground out 5-3 (Groundball, 56S)
Pedro Escobar to third
Stanley Smith to second
Batting: LHB Greg MacCanish 0-0: Called Strike
0-1: Ball
1-1: Fly out, F2 (Popup, 13S)
Bottom of the 3rd over - 0 runs, 2 hits, 0 errors, 2 left on base; Penquannock 3 - Minnesota 0
TOP OF THE 4TH
Penquannock Overrated Jeter batting - Pitching for Minnesota ManBearPigs : RHP Dan Catron
Batting: LHB Matt Reese 0-0: Swinging Strike
0-1: Ball
1-1: Ball
2-1: Foul Ball, location: 2F
2-2: Strikes out swinging
Batting: SHB Martin Goodwin 0-0: Called Strike
0-1: Ball
1-1: Called Strike
1-2: Foul Ball, location: 2F
1-2: Strikes out swinging
Batting: LHB Francisco Medina 0-0: Called Strike
0-1: Ball
1-1: Called Strike
1-2: Ball
2-2: Strikes out swinging
Top of the 4th over - 0 runs, 0 hits, 0 errors, 0 left on base; Penquannock 3 - Minnesota 0
BOTTOM OF THE 4TH
Minnesota ManBearPigs batting - Pitching for Penquannock Overrated Jeter : LHP Brian Gunther
Batting: SHB Darrel Lang 0-0: Ball
1-0: Called Strike
1-1: Ball
2-1: Ball
3-1: Base on Balls
Batting: RHB James Hunter 0-0: Ball
1-0: Ball
2-0: Ball
3-0: Base on Balls
Darrel Lang to second
Batting: RHB Ánibal Soto 0-0: Ball
1-0: Foul Ball, location: 2F
1-1: Foul Ball, location: 2F
1-2: Fly out, F6 (Line Drive, 6M)
Batting: RHB Juan Trujillo 0-0: Ball
1-0: Swinging Strike
1-1: Foul Ball, location: 2F
1-2: Grounds into double play, 6-4-3 (Groundball, 6M)
Bottom of the 4th over - 0 runs, 0 hits, 0 errors, 1 left on base; Penquannock 3 - Minnesota 0
TOP OF THE 5TH
Penquannock Overrated Jeter batting - Pitching for Minnesota ManBearPigs : RHP Dan Catron
Pitching: LHP José Reyes
Batting: RHB Gary Wyatt 0-0: Foul Ball, location: 2F
0-1: Reached on error, E1 (Groundball, 13S)
Batting: LHB Eric Powell 0-0: Called Strike
0-1: Foul Ball, location: 2F
0-2: Ball
1-2: Ground out U3 (Groundball, 34)
Gary Wyatt to second
Batting: SHB Cristián López 0-0: Called Strike
0-1: Swinging Strike
0-2: Foul Ball, location: 2F
0-2: SINGLE (Line Drive, 4M)
Gary Wyatt to third
Runner from 3rd tries for Home, SAFE, no throw
Batting: RHB Manny Perea 0-0: Called Strike
0-1: SINGLE (Line Drive, 89S)
Cristián López to second
Batting: LHB José Morales 0-0: Called Strike
0-1: Swinging Strike
0-2: Fly out, F8 (Flyball, 78D)
Batting: RHB Phil Wright 0-0: Ball
1-0: Fly out, F8 (Flyball, 8LD)
Top of the 5th over - 1 run, 2 hits, 1 error, 2 left on base; Penquannock 4 - Minnesota 0
BOTTOM OF THE 5TH
Minnesota ManBearPigs batting - Pitching for Penquannock Overrated Jeter : LHP Brian Gunther
Batting: RHB Carlos López 0-0: Ball
1-0: Called Strike
1-1: Foul Ball, location: 2F
1-2: Strikes out looking
Batting: LHB Pedro Escobar 0-0: Swinging Strike
0-1: Foul Ball, location: 2F
0-2: Strikes out swinging
Batting: LHB Stanley Smith 0-0: Ball
1-0: Fly out, F9 (Line Drive, 9)
Bottom of the 5th over - 0 runs, 0 hits, 0 errors, 0 left on base; Penquannock 4 - Minnesota 0
TOP OF THE 6TH
Penquannock Overrated Jeter batting - Pitching for Minnesota ManBearPigs : LHP José Reyes
Batting: LHB Matt Reese 0-0: Ball
1-0: Foul Ball, location: 2F
1-1: Ball
2-1: Ball
3-1: Foul Ball, location: 2F
3-2: Base on Balls
Batting: SHB Martin Goodwin 0-0: Swinging Strike
0-1: Ground out 4-3 (Groundball, 4D)
Matt Reese to second
Batting: LHB Francisco Medina 0-0: Hit by Pitch
Batting: RHB Gary Wyatt 0-0: Called Strike
0-1: Ball
1-1: Ball
2-1: Ball
3-1: Base on Balls
Matt Reese to third
Francisco Medina to second
Batting: LHB Eric Powell 0-0: Foul Ball, location: 2F
0-1: Foul Ball, location: 2F
0-2: Strikes out looking
Batting: SHB Cristián López 0-0: Ball
1-0: Ball
2-0: SINGLE (Groundball, 34D)
Matt Reese scores
Francisco Medina to third
Gary Wyatt to second
Runner from 3rd tries for Home, SAFE, no throw
Batting: RHB Manny Perea 0-0: Ball
1-0: Foul Ball, location: 2F
1-1: Swinging Strike
1-2: Strikes out swinging
Top of the 6th over - 2 runs, 1 hit, 0 errors, 2 left on base; Penquannock 6 - Minnesota 0
BOTTOM OF THE 6TH
Minnesota ManBearPigs batting - Pitching for Penquannock Overrated Jeter : LHP Brian Gunther
Batting: RHB Jaime Hernández 0-0: SOLO HOME RUN (Flyball, 7LD), Distance : 347 ft
Batting: LHB Greg MacCanish 0-0: Ball
1-0: Ball
2-0: Ball
3-0: Called Strike
3-1: Called Strike
3-2: Base on Balls
Batting: SHB Darrel Lang Pickoff Throw to First - Out!
0-0: Ball
1-0: Ball
2-0: Called Strike
2-1: Fly out, F3 (Popup, 3SF)
Batting: RHB James Hunter 0-0: Swinging Strike
0-1: Called Strike
0-2: Ball
1-2: Foul Ball, location: 2F
1-2: Ground out U3 (Groundball, 34S)
Bottom of the 6th over - 1 run, 1 hit, 0 errors, 0 left on base; Penquannock 6 - Minnesota 1
TOP OF THE 7TH
Penquannock Overrated Jeter batting - Pitching for Minnesota ManBearPigs : LHP José Reyes
Batting: LHB José Morales 0-0: Called Strike
0-1: Ball
1-1: Called Strike
1-2: SINGLE (Groundball, 6) (infield hit)
Batting: RHB Phil Wright 0-0: Ball
1-0: Foul Ball, location: 2F
1-1: Fly out, F6 (Line Drive, 56)
Batting: LHB Matt Reese 0-0: Swinging Strike
0-1: Foul Ball, location: 2F
0-2: Ball
1-2: Ball
2-2: Strikes out looking
Batting: SHB Martin Goodwin 0-0: Ball
1-0: Foul Ball, location: 2F
1-1: Ball
2-1: Foul Ball, location: 2F
2-2: SINGLE (Flyball, 7)
José Morales to second
Pitching: RHP Matt Stevenson
Batting: LHB Francisco Medina 0-0: Foul Ball, location: 2F
0-1: Ground out U3 (Groundball, 3)
Top of the 7th over - 0 runs, 2 hits, 0 errors, 2 left on base; Penquannock 6 - Minnesota 1
BOTTOM OF THE 7TH
Minnesota ManBearPigs batting - Pitching for Penquannock Overrated Jeter : LHP Brian Gunther
Pitching: RHP Leonard Christensen
Batting: RHB Ánibal Soto 0-0: Called Strike
0-1: Called Strike
0-2: Ball
1-2: Strikes out swinging
Batting: RHB Juan Trujillo 0-0: Called Strike
0-1: Ground out 5-3 (Groundball, 56)
Batting: RHB Carlos López 0-0: Called Strike
0-1: Foul Ball, location: 2F
0-2: Strikes out swinging
Bottom of the 7th over - 0 runs, 0 hits, 0 errors, 0 left on base; Penquannock 6 - Minnesota 1
TOP OF THE 8TH
Penquannock Overrated Jeter batting - Pitching for Minnesota ManBearPigs : RHP Matt Stevenson
Batting: RHB Gary Wyatt 0-0: Called Strike
0-1: Swinging Strike
0-2: Ball
1-2: Ball
2-2: Foul Ball, location: 2F
2-2: Ground out 4-3 (Groundball, 34)
Batting: LHB Eric Powell 0-0: Ball
1-0: Ball
2-0: Called Strike
2-1: Ball
3-1: Base on Balls
Batting: SHB Cristián López 0-0: Ball
1-0: Ball
2-0: Called Strike
2-1: Grounds into double play, 6-4-3 (Groundball, 6M)
Top of the 8th over - 0 runs, 0 hits, 0 errors, 0 left on base; Penquannock 6 - Minnesota 1
BOTTOM OF THE 8TH
Minnesota ManBearPigs batting - Pitching for Penquannock Overrated Jeter : RHP Leonard Christensen
Batting: LHB Pedro Escobar 0-0: Fly out, F9 (Flyball, 9LS)
Batting: LHB Stanley Smith 0-0: Called Strike
0-1: Called Strike
0-2: Strikes out swinging
Batting: RHB Jaime Hernández 0-0: Ball
1-0: SINGLE (Line Drive, 4MD)
Batting: LHB Greg MacCanish 0-0: Ball
1-0: Ball
2-0: Called Strike
2-1: Swinging Strike
2-2: Ball
3-2: Ground out 4-3 (Groundball, 4)
Bottom of the 8th over - 0 runs, 1 hit, 0 errors, 1 left on base; Penquannock 6 - Minnesota 1
TOP OF THE 9TH
Penquannock Overrated Jeter batting - Pitching for Minnesota ManBearPigs : RHP Matt Stevenson
Pitching: RHP José Peña
Batting: RHB Manny Perea 0-0: Ball
1-0: Foul Ball, location: 2F
1-1: Ball
2-1: Ball
3-1: Base on Balls
Batting: LHB José Morales 0-0: Ball
1-0: Called Strike
1-1: Foul Ball, location: 2F
1-2: 2-RUN HOME RUN (Flyball, 9LD), Distance : 347 ft
Batting: RHB Phil Wright 0-0: Ball
1-0: Called Strike
1-1: Called Strike
1-2: Ball
2-2: Ball
3-2: Base on Balls
Batting: LHB Matt Reese 0-0: Called Strike
0-1: Called Strike
0-2: Ball
1-2: Strikes out swinging
Batting: SHB Martin Goodwin 0-0: Ball
1-0: Swinging Strike
1-1: Ball
2-1: Ball
3-1: Base on Balls
Phil Wright to second
Batting: LHB Francisco Medina 0-0: Called Strike
0-1: Ball
1-1: Swinging Strike
1-2: Ball
2-2: Foul Ball, location: 2F
2-2: Ball
3-2: Base on Balls
Phil Wright to third
Martin Goodwin to second
Batting: RHB Gary Wyatt 0-0: Called Strike
0-1: Called Strike
0-2: Strikes out swinging
Batting: LHB Eric Powell 0-0: Fly out, F5 (Popup, 25)
Top of the 9th over - 2 runs, 1 hit, 0 errors, 3 left on base; Penquannock 8 - Minnesota 1
BOTTOM OF THE 9TH
Minnesota ManBearPigs batting - Pitching for Penquannock Overrated Jeter : RHP Leonard Christensen
Batting: SHB Darrel Lang 0-0: Ball
1-0: Called Strike
1-1: Called Strike
1-2: Foul Ball, location: 2F
1-2: Ball
2-2: Foul Ball, location: 2F
2-2: Strikes out swinging
Batting: RHB James Hunter 0-0: Swinging Strike
0-1: Ball
1-1: Ball
2-1: Ball
3-1: Base on Balls
Batting: RHB Ánibal Soto 0-0: Grounds into double play, 6-4-3 (Groundball, 6)
Bottom of the 9th over - 0 runs, 0 hits, 0 errors, 0 left on base; Penquannock 8 - Minnesota 1
Saturday, April 7th, 2018 - OOTP Baseball 18.8 Build 76